 Seeded DCSS version 0.29-a0-398-ge13fd1374b (webtiles) character file.

Game seed: 14757055994965263044 (custom seed)

385 zeratav the Digger (level 6, -9/36 HPs)
             Began as an Octopode Earth Elementalist on May 13, 2022.
             Mangled by an iguana (14 damage)
             ... on level 4 of the Dungeon.
             The game lasted 00:05:20 (3915 turns).

zeratav the Digger (Octopode Earth Elementalist)    Turns: 3915, Time: 00:05:21

Health: -9/36      AC:  1    Str:  7    XL:     6   Next: 77%
Magic:  10/21      EV: 13    Int: 26    God:
Gold:   739        SH:  0    Dex: 18    Spells: 12/13 levels left

rFire   . . .      SeeInvis .   o - +2 short sword (holy) {short}
rCold   . . .      Faith    .   (no shield)
rNeg    . . .      Spirit   .   (helmet restricted)
rPois   .          Reflect  .   (no amulet)
rElec   .          Harm     .   c - ring of magical power
rCorr   .          Rampage  .   l - +6 ring of intelligence
Will    .....                   m - +6 ring of dexterity
Stlth   +++.......              (no ring)
HPRegen 0.12/turn               (no ring)
MPRegen 0.17/turn               (no ring)
                                (no ring)
                                (no ring)

@: no status effects
A: almost no armour, amphibious, 8 rings, camouflage 1, gelatinous body 1,
(nimble swimmer 1), tentacles
a: no special abilities


You were on level 4 of the Dungeon.
You visited 1 branch of the dungeon, and saw 4 of its levels.

You collected 739 gold pieces.


Innate Abilities, Weirdness & Mutations

You cannot wear most types of armour.
You are amphibious.
You can wear up to eight rings at the same time.
Your skin changes colour to match your surroundings (Stealth+).
Your rubbery body absorbs attacks. (AC +1, EV +1)
((You are camouflaged when in or above water. (Stealth+)))
You have tentacles for arms and can constrict up to eight enemies at once.


   Skills:
 - Level 2.0 Dodging
 - Level 2.6 Stealth
 + Level 4.0 Spellcasting
 - Level 1.0 Transmutations
 * Level 6.2 Earth Magic


You had 12 spell levels left.
You knew the following spells:

 Your Spells              Type           Power      Damage    Failure   Level
a - Sandblast             Erth           74%        2d16      1%          1

Your spell library contained the following spells:

 Spells                   Type           Power      Damage    Failure   Level
 Passwall                 Tmut/Erth      20%        N/A       3%          2
 Stone Arrow              Conj/Erth      42%        3d9       7%          3
 Freeze                   Ice            20%        1d4       9%          1
 Petrify                  Tmut/Erth      24%        N/A       19%         4
 Frozen Ramparts          Ice            10%        1d3       26%         3
 Hailstorm                Conj/Ice       5%         3d4       63%         4

Inventory:

Hand Weapons
 o - a +2 short sword of holy wrath (weapon) {short}
   (You took it off a kobold on level 3 of the Dungeon)
Missiles
 a - 58 stones {throwing}
Armour
 q - a +0 hat
   (You found it on level 3 of the Dungeon)
Jewellery
 c - a ring of magical power (left tentacle)
   (You found it on level 1 of the Dungeon)
 l - a +6 ring of intelligence (right tentacle)
   (You found it on level 2 of the Dungeon)
 m - a +6 ring of dexterity (on tentacle)
   (You found it on level 2 of the Dungeon)
Scrolls
 d - a scroll of identify {unknown}
 f - 2 scrolls of enchant weapon {unknown}
 h - a scroll of vulnerability {unknown}
 j - a scroll of fear {unknown}
 k - a scroll of silence {unknown}
 n - a scroll of fog {unknown}
 p - a scroll of poison {unknown}
 r - a scroll of brand weapon {unknown}
Potions
 b - a potion of magic
 e - a potion of degeneration {unknown}
 g - 2 potions of might {unknown}
 i - a potion of invisibility {unknown}
 s - a potion of mutation {unknown}
 t - a potion of flight {unknown}
 u - a potion of brilliance {unknown}

Dungeon Overview and Level Annotations

Branches:
Dungeon (4/15)
 Temple: D:4-7

Altars:
Nemelex Xobeh
Qazlal
Wu Jian
Zin

Shops:
D:3

* #..#
######..####
...........#
######..##.#
#..# # #..##
#...#
####>.l#
#.....@#
#......)..#
............#
###.........#
......(.####
###.##...# #.
#...# # #####


You could see an iguana.


Message History

You are too injured to fight recklessly!
You are too injured to fight recklessly!
You are too injured to fight recklessly!
Unknown command.
Casting: Sandblast (safe; 1% risk of failure)
Confirm with . or Enter, or press ? or * to list all spells.
Aiming: Sandblast (safe; 1% risk of failure)
Press: ? - help, Shift-Dir - straight line, f/p - ice beast
Aim: an ice beast (moderately wounded, 82% to hit)
The blast of sand hits the ice beast!
The ball python barely misses you. The ball python grabs you.
The ball python constricts you. The ice beast closely misses you.
HP[-1] MP[-1]
You take 1 damage, and now have 23/36 hp.
You lost 1 mp, and now have 16/20 mp.
Casting: Sandblast (safe; 1% risk of failure)
Confirm with . or Enter, or press ? or * to list all spells.
Aiming: Sandblast (safe; 1% risk of failure)
Press: ? - help, Shift-Dir - straight line, f/p - ice beast
Aim: an ice beast (severely wounded, 82% to hit)
The blast of sand hits the ice beast but does no damage.
The ball python bites you. The ball python constricts you.
The ice beast hits you.
* * * LOW HITPOINT WARNING * * *
The ice beast freezes you.
* * * LOW HITPOINT WARNING * * *
HP[-12] MP[-1]
You take 12 damage, and now have 11/36 hp.
MASSIVE DAMAGE!! (PAUSE)
You lost 1 mp, and now have 15/20 mp.
Casting: Sandblast (safe; 1% risk of failure)
Confirm with . or Enter, or press ? or * to list all spells.
Aiming: Sandblast (safe; 1% risk of failure)
Press: ? - help, Shift-Dir - straight line, f/p - ice beast
Aim: an ice beast (severely wounded, 82% to hit)
The blast of sand hits the ice beast!!
You kill the ice beast!
The ball python bites you.
* * * LOW HITPOINT WARNING * * *
The ball python constricts you.
An iguana comes into view.
Your Spellcasting skill increases to level 4!
Your Earth Magic skill increases to level 6!
HP[-1] MP[-1]
You take 1 damage, and now have 10/36 hp.
Casting: Sandblast (safe; 1% risk of failure)
Confirm with . or Enter, or press ? or * to list all spells.
Aiming: Sandblast (safe; 1% risk of failure)
Press: ? - help, Shift-Dir - straight line, f - kobold
Aim: a kobold, wielding a +4 dagger of protection (77% to hit)
The blast of sand hits the kobold but does no damage.
The iguana hisses angrily.
The ball python barely misses you. The ball python constricts you.
* * * LOW HITPOINT WARNING * * *
The kobold misses you.
HP[-1]
You take 1 damage, and now have 9/36 hp.
Casting: Sandblast (safe; 1% risk of failure)
Confirm with . or Enter, or press ? or * to list all spells.
Aiming: Sandblast (safe; 1% risk of failure)
Press: ? - help, Shift-Dir - straight line, f/p - kobold
Aim: a kobold, wielding a +4 dagger of protection (77% to hit)
The blast of sand misses the kobold.
The ball python closely misses you. The ball python constricts you.
* * * LOW HITPOINT WARNING * * *
The kobold hits you with a +4 dagger of protection.
* * * LOW HITPOINT WARNING * * *
HP[-2] MP[-1]
You take 2 damage, and now have 7/36 hp.
You lost 1 mp, and now have 13/21 mp.
Casting: Sandblast (safe; 1% risk of failure)
Confirm with . or Enter, or press ? or * to list all spells.
Aiming: Sandblast (safe; 1% risk of failure)
Press: ? - help, Shift-Dir - straight line, f/p - kobold
Aim: a kobold, wielding a +4 dagger of protection (77% to hit)
The blast of sand hits the kobold!
You kill the kobold!
The ball python closely misses you. The ball python constricts you.
* * * LOW HITPOINT WARNING * * *
The ball python closely misses you. The ball python constricts you.
* * * LOW HITPOINT WARNING * * *
HP[-2] MP[-1]
You take 2 damage, and now have 5/36 hp.
You lost 1 mp, and now have 12/21 mp.
Casting: Sandblast (safe; 1% risk of failure)
Confirm with . or Enter, or press ? or * to list all spells.
Aiming: Sandblast (safe; 1% risk of failure)
Press: ? - help, Shift-Dir - straight line, f - ball python
Aim: a ball python (constricting you, 80% to hit)
The blast of sand hits the ball python!
You kill the ball python!
MP[-1]
You lost 1 mp, and now have 11/21 mp.
Casting: Sandblast (safe; 1% risk of failure)
Confirm with . or Enter, or press ? or * to list all spells.
Aiming: Sandblast (safe; 1% risk of failure)
Press: ? - help, Shift-Dir - straight line, f - iguana
Aim: an iguana (84% to hit)
The blast of sand hits the iguana.
The iguana bites you!
You die...

Skill      XL: |  1  2  3  4  5  6 |
---------------+-------------------+-----
Earth Magic    | 4 5 6 |  6.2
Spellcasting   | 3 4 |  4.0
Dodging        | |  2.0
Stealth        | |  2.6
Transmutations | |  1.0

Action                   |  1- 3 |  4- 6 || total
-------------------------+-------+-------++-------
Melee: Dagger            |    23 |     1 ||    24
       Constrict         |     3 |     1 ||     4
       Tentacles         |     1 |     2 ||     3
       Short sword       |       |    10 ||    10
       Punch             |       |     1 ||     1
 Cast: Sandblast         |    40 |    84 ||   124
  Use: Scroll            |     1 |       ||     1
 Stab: Sleeping          |     4 |       ||     4
Armor: Skin              |     4 |     5 ||     9
Dodge: Dodged            |    35 |    38 ||    73

Levels and vault maps discovered:
D:1:      minmay_arrival_cross, layout_loops_ring, serial_bayou,
          serial_bayou_pond_a, serial_bayou_ford_a, serial_bayou_pond_c,
          serial_bayou_shore_a, minmay_tripent
D:2:      layout_basic, minmay_stone_trees_small, st_stairs_12,
          kennysheep_generic_room_15
D:3:      layout_loops_cross, gammafunk_temple_overflow_forgotten,
          nicolae_wu_jian_wuxing_cycle, dilly_ecumenical_altar_fadedgnrine,
          serial_shops, nicolae_shop_overgrown_old_shop,
          minmay_misc_feat_ornament, lexackson_kobold_supper
D:4:      layout_loops_ring, serial_aquarium, aquarium_bridge_square
          [aquarium_subvault_wall, aquarium_subvault_bridge,
          aquarium_subvault_wall, aquarium_subvault_wall],
          aquarium_bridge_long_joined [aquarium_subvault_wall,
          aquarium_subvault_wall, aquarium_subvault_bridge,
          aquarium_subvault_wall, aquarium_subvault_bridge,
          aquarium_subvault_window], aquarium_window_corner,
          aquarium_window_fake, aquarium_view_4, aquarium_balcony_3b,
          aquarium_pool_five, uniq_ijyb, uniq_eustachio

Notes
Turn   | Place    | Note
-------+----------+-------------------------------------------
     0 | D:1      | zeratav the Octopode Earth Elementalist began the quest for
                  | the Orb.
     0 | D:1      | Reached XP level 1. HP: 11/11 MP: 3/3
     0 | D:1      | magus.rc [v1.9.6]
   210 | D:1      | Reached XP level 2. HP: 17/17 MP: 5/5
   939 | D:1      | Reached XP level 3. HP: 18/21 MP: 6/6
  1429 | D:2      | Reached skill level 4 in Earth Magic
  1482 | D:2      | Identified a scroll of acquirement
  1482 | D:2      | Acquired 592 gold pieces
  1666 | D:2      | Reached XP level 4. HP: 9/27 MP: 8/8
  2292 | D:2      | Reached skill level 3 in Spellcasting
  2538 | D:3      | Found an ornate altar of the Wu Jian Council.
  2654 | D:3      | Reached XP level 5. HP: 31/31 MP: 9/9
  2742 | D:3      | Found a stormy altar of Qazlal.
  2742 | D:3      | Found a sparkling altar of Nemelex Xobeh.
  2743 | D:3      | Found a glowing silver altar of Zin.
  2998 | D:3      | Reached skill level 5 in Earth Magic
  3050 | D:3      | You pick up a book of Frost and begin reading...
  3050 | D:3      | You add the spells Freeze, Frozen Ramparts and Hailstorm to
                  | your library.
  3094 | D:3      | Found Zakudgh Ucawn's Assorted Antiques.
  3188 | D:3      | Found a faded altar of an unknown god.
  3414 | D:4      | Reached XP level 6. HP: 36/36 MP: 11/11
  3580 | D:4      | Noticed Ijyb
  3612 | D:4      | Killed Ijyb
  3904 | D:4      | Noticed an ice beast
  3910 | D:4      | Killed an ice beast
  3911 | D:4      | Reached skill level 4 in Spellcasting
  3911 | D:4      | Reached skill level 6 in Earth Magic
  3911 | D:4      | HP: 9/36 [constriction (1)]
  3915 | D:4      | Mangled by an iguana

Vanquished Creatures
  An ice beast (D:4)
  2 hounds (D:4)
  Ijyb (D:4)
  An iguana (D:3)
  6 gnolls
  3 adders
  2 worms (D:2)
  A dart slug (D:3)
  An orc (D:3)
  6 ball pythons
  4 bats
  9 endoplasms
  2 giant cockroaches
  7 goblins
  3 hobgoblins
  16 jackals
  2 quokkas (D:2)
  2 frilled lizards (D:3)
  15 kobolds
  8 rats
92 creatures vanquished.

Vanquished Creatures (others)
  17 fungi (D:4)
  5 plants
22 creatures vanquished.

Grand Total: 114 creatures vanquished

Table legend:
 A = Non-vault XP
 B = Vault XP
 C = Vault XP percentage of total XP
 D = Non-vault monster count
 E = Vault monster count
 F = Vault count percentage of total count
                 A         B        C        D         E       F
            +---------+---------+-------+---------+---------+-------
      Total |     497 |      54 |   9.8 |      79 |      13 |  14.1
            +---------+---------+-------+---------+---------+-------
        D:1 |      34 |       4 |  10.5 |      21 |       2 |   8.7
        D:2 |     104 |       3 |   2.8 |      32 |       2 |   5.9
        D:3 |      60 |      11 |  15.5 |       7 |       8 |  53.3
        D:4 |     299 |      36 |  10.7 |      19 |       1 |   5.0
            +---------+---------+-------+---------+---------+-------

Illustrated notes

Table legend:
 A = Kills in this place as a percentage of kills in entire the game.
 B = Kills by you in this place as a percentage of kills by you in the entire game.
 C = Kills by friends in this place as a percentage of kills by friends in the entire game.
 D = Other kills in this place as a percentage of other kills in the entire game.
 E = Experience gained in this place as a percentage of experience gained in the entire game.
 F = Experience gained in this place divided by the number of levels of this place that you have seen.
                   A       B       C       D       E      F
               +-------+-------+-------+-------+-------+----------------------
         Total | 100.0 | 100.0 |   N/A |   N/A | 100.0 | 137.8
       Dungeon | 100.0 | 100.0 |   N/A |   N/A | 100.0 | 137.8
               +-------+-------+-------+-------+-------+----------------------

Table legend: (Time is in decaauts)
 A = Elapsed time spent in this place.
 B = Non-inter-level travel time spent in this place.
 C = Inter-level travel time spent in this place.
 D = Time resting spent in this place.
 E = Time spent auto-exploring this place.
 F = Levels seen in this place.
 G = Mean time per level.
                   A        B        C        D        E       F      G
               +--------+--------+--------+--------+--------+-----+--------+
         Total |   3912 |   3811 |    101 |    464 |   2863 |   4 |  978.0 |
       Dungeon |   3912 |   3811 |    101 |    464 |   2863 |   4 |  978.0 |
               +--------+--------+--------+--------+--------+-----+--------+

Top non-repeatable levels by time:
     D:1: 1293 daAuts
     D:2: 1093 daAuts
     D:3: 903 daAuts
     D:4: 622 daAuts
